AoeStats
← Alvardo

Nomad

510414362Analyzed
2v2 RM · 19h ago on Sep 30, 2026· 29m 15s· 4 players
Game mode
Random Map
Map size
176×176
Population
200
Speed
Normal
Resources
Standard
Victory
Conquest
Starting age
Dark Age
Ending age
Imperial Age
RankedLock teamsTeams togetherTeam positionsShared explorationLock speedFull tech treeHidden civsTurbo modeCheats
Victory
Defeat
🇦🇷 Dravidians · Argentina
982
+14
🇦🇷 Bulgarians · Argentina
960
+15
🇹🇷 Lithuanians · Türkiye
966
-15
🇹🇷 Huns · Türkiye
919
-14
Ulghar
3:53 Loom
15:40 Feudal Age
16:55 Stone Mining
18:17 Double-Bit Axe
21:15 Gold Mining
23:03 Horse Collar
23:46 Fletching
24:58 Wheelbarrow
25:51 Bloodlines
30:21 Castle Age
Senbonzakura Kageyoshi
8:40 Loom
14:27 Feudal Age
15:32 Fishing Lines
16:54 Double-Bit Axe
18:23 Bloodlines
22:07 Castle Age
20:24 Stone Mining
20:25 Gold Mining
21:30 Bloodlines
25:55 Bow Saw
27:43 Wheelbarrow
27:01 Gillnets
JERO
4:16 Loom
14:28 Feudal Age
15:02 Fishing Lines
16:58 Town Watch
17:00 Double-Bit Axe
17:21 Gold Mining
20:28 Castle Age
18:30 Stone Mining
18:49 Fletching
19:45 Padded Archer Armor
21:19 Crossbowman
22:27 Gillnets
24:41 Bodkin Arrow
29:39 Thumb Ring
Alvardo
6:24 Loom
15:27 Feudal Age
16:18 Double-Bit Axe
16:21 Fishing Lines
21:07 Castle Age
20:53 Stone Mining
22:38 Wheelbarrow
25:23 Stone Shaft Mining
26:03 Town Watch
28:16 Bow Saw
Connection lost

Rejoining the realm…

Still unreachable

The connection could not be restored.

Session expired

The server has moved on; the page needs a fresh start.